 Dungeon Crawl Stone Soup version 0.20.1-1-g8b1a95d (webtiles) character file.

46 Blackhawk the Stinger (level 3, -8/14 HPs)
             Began as a Felid Venom Mage on Oct 29, 2017.
             Mangled by an ogre
             ... wielding a +0 giant spiked club
              (22 damage)
             ... on level 3 of the Dungeon.
             The game lasted 00:12:22 (1927 turns).

Blackhawk the Stinger (Felid Venom Mage)            Turns: 1927, Time: 00:12:23

Health: -8/14      AC:  1    Str:  4    XL:     3   Next: 44%
Magic:  0/7        EV: 18    Int: 17    God:
Gold:   130        SH:  0    Dex: 16    Spells: 6/7 levels left
                                        Lives:  0   Deaths: 0

rFire    . . .     SeeInvis +   (weapon unavailable)
rCold    . . .     Gourm    .   (shield unavailable)
rNeg     . . .     Faith    .   (armour unavailable)
rPois    .         Spirit   .   (helmet unavailable)
rElec    .         Reflect  .   (cloak unavailable)
rCorr    .         Harm     .   (gloves unavailable)
MR       .....                  (boots unavailable)
Stlth    +++.......             (no amulet)
Regen    0.1/turn               (no ring)
MPRegen  0.1/turn               (no ring)

@: quick
A: no armour, no weapons or thrown items, stealth, claws 1, fangs 3, see
invisible, carnivore 3, speed 1, shaggy fur 1, slow metabolism 1, sharp paws
a: no special abilities


You were on level 3 of the Dungeon.
You were completely stuffed.

You visited 1 branch of the dungeon, and saw 4 of its levels.

You collected 130 gold pieces.

Inventory:

Jewellery
 e - an uncursed ring of stealth {unknown}
 n - a cursed ring of loudness {unknown}
Scrolls
 c - a scroll of fog {unknown}
 g - 3 scrolls of identify {unknown}
 j - a scroll of amnesia {unknown}
 k - a scroll of remove curse {unknown}
 l - a scroll of recharging {unknown}
 o - a scroll of teleportation {unknown}
Potions
 d - 2 potions of ambrosia {unknown}
 f - a potion of heal wounds {unknown}
 h - a potion of berserk rage {unknown}
 i - a potion of might {unknown}
 p - a potion of mutation {unknown}
Books
 a - a Young Poisoner's Handbook

   Spells                             Type                      Level
   a - Sting                          Conjuration/Poison           1
   b - Poisonous Vapours              Poison/Air                   2
   c - Mephitic Cloud                 Conjuration/Poison/Air       3
   d - Olgreb's Toxic Radiance        Poison                       4
   e - Venom Bolt                     Conjuration/Poison           5
Comestibles
 b - 2 meat rations
 m - 6 chunks of flesh


   Skills:
 + Level 2.9 Dodging
 + Level 3.1 Stealth
 + Level 2.6 Spellcasting
 - Level 0.8 Conjurations
 + Level 3.4 Poison Magic


You had 6 spell levels left.
You knew the following spells:

 Your Spells              Type           Power        Failure   Level  Hunger
a - Sting                 Conj/Pois      #...         8%          1    #......


Dungeon Overview and Level Annotations

Branches:
Dungeon (4/15)
 Temple: D:4-7

Altars:
The Shining One


Innate Abilities, Weirdness & Mutations

You cannot wear armour.
You are incapable of wielding weapons or throwing items.
Your paws allow you to move quietly. (Stealth)
You have sharp claws.
You have razor-sharp teeth.
You have supernaturally acute eyesight. (SInv)
You are carnivorous and can eat meat at any time.
You cover ground quickly.
You are covered in fur. (AC +1)
You have a slow metabolism.
Your sharp claws are effective at attacking unaware monsters.


Message History

You see here a dagger.
Casting: Sting
Confirm with . or Enter, or press ? or * to list all spells.
Aiming: Sting
Press: ? - help, Shift-Dir - straight line, f/p - ogre
Aim: an ogre, wielding a giant spiked club (lightly wounded, poisoned)
The sting hits the ogre.
The ogre looks even sicker.
The ogre is moderately wounded.
Casting: Sting
Confirm with . or Enter, or press ? or * to list all spells.
Aiming: Sting
Press: ? - help, Shift-Dir - straight line, f/p - ogre
Aim: an ogre, wielding a giant spiked club (moderately wounded, poisoned)
The sting hits the ogre.
The ogre looks even sicker.
The ogre is moderately wounded.
You scratch the ogre.
The ogre is heavily wounded.
The ogre hits you with a giant spiked club!!
Ouch! That really hurt!
You die...

..# ...
#.# #.#
#.# #.#
#.# #@#
#O# ## #.#
##..(
###.##...#
#..)...#
#....###
#....#
#...<#
#.>..#


You could see an ogre.

Vanquished Creatures
  A dart slug (D:1)
  3 leopard geckos
  2 ball pythons (D:1)
  7 bats
  A giant cockroach (D:2)
  5 hobgoblins
  4 jackals
  5 kobolds
  2 quokkas (D:2)
  3 frilled lizards
  A goblin (D:1)
  4 rats
38 creatures vanquished.

Notes
Turn   | Place    | Note
-------+----------+-------------------------------------------
     0 | D:1      | Blackhawk the Felid Venom Mage began the quest for the Orb.
     0 | D:1      | Reached XP level 1. HP: 7/7 MP: 4/4
   495 | D:1      | Reached XP level 2. HP: 11/11 MP: 0/6
  1172 | D:1      | Reached XP level 3. HP: 14/14 MP: 4/7
  1736 | D:2      | Found a glowing golden altar of the Shining One.
  1911 | D:4      | Noticed an ogre
  1927 | D:3      | Mangled by an ogre

Skill      XL: |  1  2 |
---------------+-------+-----
Poison Magic   | 3 |  3.4
Stealth        | 3 |  3.1
Dodging        | |  2.9
Spellcasting   | |  2.6
Conjurations   | |  0.8

Action                   || total
-------------------------++-------
Melee: Unarmed           ||    25
       Bite              ||     2
 Cast: Sting             ||    82
 Stab: Sleeping          ||     1
  Eat: Chunk             ||    10
Armor: Skin              ||     3
Dodge: Dodged            ||    43
